 Dungeon Crawl Stone Soup version 0.20.1-1-g8b1a95d (webtiles) character file.

2286 Gukra the Thaumaturge (level 9, -2/47 HPs)
             Began as a Deep Elf Wizard on Sept 5, 2017.
             Was a Believer of Sif Muna.
             Shot with a sling bullet by Joseph (23 damage)
             ... on level 8 of the Dungeon on Sept 6, 2017.
             The game lasted 00:47:00 (7112 turns).

Gukra the Thaumaturge (Deep Elf Wizard)             Turns: 7112, Time: 00:47:00

Health: -2/47      AC:  6    Str: 11    XL:     9   Next: 17%
Magic:  15/25      EV: 13    Int: 28    God:    Sif Muna [**....]
Gold:   215        SH:  0    Dex: 13    Spells: 20/28 levels left

rFire    . . .     SeeInvis .   G - +5 flail (protect)
rCold    . . .     Gourm    .   (no shield)
rNeg     . . .     Faith    .   z - +0 troll leather armour
rPois    .         Spirit   .   b - +1 hat
rElec    .         Reflect  .   (no cloak)
rCorr    .         Harm     .   t - +0 pair of gloves
MR       .....                  (no boots)
Stlth    ++........             L - amulet of magic regeneration
Regen    0.6/turn               j - +3 ring of intelligence
MPRegen  0.3/turn               I - +5 ring of strength

@: lethally poisoned (-2 -> -2), divine energy
A: no striking features
a: Stop Divine Energy, Renounce Religion


You were on level 8 of the Dungeon.
You worshipped Sif Muna.
Sif Muna was pleased with you.
You were not hungry.

You visited 2 branches of the dungeon, and saw 9 of its levels.

You collected 377 gold pieces.
You spent 162 gold pieces at shops.

Inventory:

Hand Weapons
 e - a +0 spear
 x - a +0 dagger
 y - a +2 rapier of speed
 G - a +5 flail of protection (weapon)
 J - a +0 dagger of holy wrath
 N - the +7 hand axe of Recklessness {distort, rC+ MR+ Int-5 Dex+3}
   (You found it on level 8 of the Dungeon)

   It warps and distorts space around it.
   Unwielding it can cause banishment or high damage.
   It affects your intelligence (-5).
   It affects your dexterity (+3).
   It protects you from cold.
   It affects your resistance to hostile enchantments.
 O - the +1 dagger of Annihilation {elec, rElec}
   (You found it on level 7 of the Dungeon)

   Occasionally, upon striking a foe, it will discharge some electrical energy
   and cause terrible harm.
   It insulates you from electricity.
Missiles
 f - 8 tomahawks (quivered)
 r - 46 poisoned needles
 H - 4 tomahawks of dispersal
Armour
 a - a +0 robe
 b - a +1 hat (worn)
 t - a +0 pair of gloves (worn)
 z - a +0 troll leather armour (worn)
Jewellery
 j - a +3 ring of intelligence (left hand)
 u - a +1 ring of protection
 I - a +5 ring of strength (right hand)
 L - an amulet of magic regeneration (around neck)
Wands
 C - a wand of enslavement (24/24)
 K - a wand of digging (18/24)
 P - a wand of flame (9/48)
Scrolls
 g - a scroll of magic mapping
 i - a scroll of identify
 m - 3 scrolls of amnesia
 n - 5 scrolls of teleportation
 A - a scroll of blinking
 B - 7 scrolls of remove curse
Potions
 h - 4 potions of haste
 l - 4 potions of heal wounds
 o - 2 potions of agility
 q - 2 potions of flight
 s - a potion of lignification {unknown}
 v - a potion of invisibility {unknown}
 w - 4 potions of degeneration {unknown}
 D - a potion of cancellation {unknown}
 E - a potion of magic {unknown}
 F - 2 potions of curing
Books
 c - a book of Minor Magic

   Spells                             Type                      Level
   a - Magic Dart                     Conjuration                  1
   b - Blink                          Translocation                2
   c - Call Imp                       Summoning                    2
   d - Slow                           Hexes                        2
   e - Conjure Flame                  Conjuration/Fire             3
   f - Mephitic Cloud                 Conjuration/Poison/Air       3
Comestibles
 d - 4 bread rations
 k - 5 fruits
 p - 9 royal jellies
 M - 2 meat rations
 Q - a chunk of flesh


   Skills:
 - Level 1.4 Fighting
 - Level 2.5 Short Blades
 + Level 2.5 Armour
 + Level 3.9 Dodging
 - Level 2.5 Stealth
 + Level 10.3 Spellcasting
 + Level 7.4 Conjurations
 + Level 3.2 Summonings
 + Level 1.1 Translocations
 + Level 1.4 Air Magic
 + Level 2.5 Poison Magic


You had 20 spell levels left.
You knew the following spells:

 Your Spells              Type           Power        Failure   Level  Hunger
a - Magic Dart            Conj           ####         1%          1    None
c - Blink                 Tloc           N/A          4%          2    None
d - Mephitic Cloud        Conj/Pois/Air  #####...     3%          3    None
z - Call Imp              Summ           ####....     1%          2    None


Dungeon Overview and Level Annotations

Branches:
Dungeon (8/15)             Temple (1/1) D:5
   Lair: D:8-11

Altars:
Ashenzari
Fedhas
Gozag
Hepliaklqana
Kikubaaqudgha
Makhleb
Nemelex Xobeh
Okawaru
Sif Muna
Vehumet
Xom

Shops:
D:4 =   D:5 }*[

Annotations:
D:5 2 transporters
D:8 Joseph, Pikel


Message History

Press: ? - help, Shift-Dir - straight line, f - killer bee
Aim: a killer bee That beam is likely to hit you.
Continue anyway?
The ball explodes into a vile cloud!
The stinking cloud engulfs the killer bee.
The stinking cloud engulfs you!
You are engulfed in noxious fumes.
You choke on the stench!
You are confused.
You feel sick.
The killer bee is engulfed in noxious fumes.
The killer bee appears confused.
Unknown command.
Joseph shoots a sling bullet.
The sling bullet barely misses you.
You bump into the rock wall.
You feel less confused.
You feel sick.
The killer bee is engulfed in noxious fumes.
Joseph shoots a sling bullet.
The sling bullet barely misses you.
Joseph shoots a sling bullet.
The sling bullet hits you!!
You die...

##.###.#.#.##.#
#.##.#.#.###.#
##...#.#.#.#..#
#...###.####..#
#.....##.#.....
######..............#
.......#§§#.......#.#
......@..§...(#.#...#
........#§#@###.# ###
#.# .....y.(........#
#.# .......###.######
... ....... ....
#.##....... ##.###
##.#......## #.#
...#.####. #.# ##.#.#
#. #.# .....#


You could see Joseph and a killer bee (confused).

Vanquished Creatures
  A troll (D:5)
  A hippogriff (D:7)
  Edmund (D:4)
  3 slaves (D:8)
  2 ogres
  A centaur (D:5)
  A crocodile (D:8)
  A bullfrog (D:6)
  12 killer bees (D:8)
  A howler monkey (D:6)
  A bullfrog zombie (D:7)
  A hound (D:4)
  3 jellies
  2 centaur skeletons
  5 orc wizards
  3 worker ants
  A hound skeleton (D:4)
  A worker ant zombie (D:6)
  3 gnolls (D:5)
  2 howler monkey skeletons
  11 adders
  2 shadow imps
  An ooze (D:5)
  An adder skeleton (D:5)
  An adder zombie (D:5)
  2 dart slugs
  3 leopard geckos
  19 orcs
  A ball python (D:2)
  4 bats
  4 giant cockroaches
  2 goblins
  9 hobgoblins
  3 iguanas
  3 jackals (D:2)
  4 kobolds
  6 quokkas
  3 frilled lizards
  A quokka skeleton (D:4)
  10 rats
136 creatures vanquished.

Vanquished Creatures (collateral kills)
  The ghost of WeeknightWizard the Conjurer, an amateur DECj (D:4)
  A slave (D:8)
  A killer bee (D:8)
  Terence (D:3)
  A leopard gecko (D:2)
5 creatures vanquished.

Grand Total: 141 creatures vanquished

Notes
Turn   | Place    | Note
-------+----------+-------------------------------------------
     0 | D:1      | Gukra the Deep Elf Wizard began the quest for the Orb.
     0 | D:1      | Reached XP level 1. HP: 10/10 MP: 7/7
   294 | D:1      | Reached skill level 5 in Spellcasting
   321 | D:1      | Reached XP level 2. HP: 15/15 MP: 7/10
   476 | D:2      | Learned a level 2 spell: Call Imp
   479 | D:2      | Learned a level 2 spell: Blink
   652 | D:2      | Reached XP level 3. HP: 19/19 MP: 8/11
   657 | D:2      | Learned a level 3 spell: Mephitic Cloud
  1137 | D:3      | Noticed Terence
  1175 | D:3      | Killed Terence
  1175 | D:3      | Reached skill level 6 in Spellcasting
  1175 | D:3      | Reached XP level 4. HP: 11/24 MP: 1/14
  1619 | D:3      | Reached XP level 5. HP: 23/28 MP: 8/15
  2194 | D:3      | Found a shimmering altar of Xom.
  2398 | D:4      | Found Etti's Jewellery Boutique.
  2475 | D:4      | Noticed an ogre
  2504 | D:4      | Killed an ogre
  2504 | D:4      | Reached skill level 7 in Spellcasting
  2504 | D:4      | Reached XP level 6. HP: 33/33 MP: 4/18
  2717 | D:4      | Noticed Edmund
  2982 | D:4      | Reached skill level 1 in Short Blades
  2982 | D:4      | Reached skill level 1 in Poison Magic
  2997 | D:4      | Noticed WeeknightWizard's ghost (amateur DECj)
  3120 | D:5      | Entered Level 5 of the Dungeon
  3159 | D:5      | Found a transporter.
  3159 | D:5      | Noticed a troll
  3179 | D:5      | Found Iqoem's Armour Shoppe.
  3456 | D:5      | Found Kayst's Assorted Antiques.
  3481 | D:5      | Reached skill level 5 in Conjurations
  3497 | D:5      | Reached XP level 7. HP: 13/37 MP: 1/20
  3519 | D:5      | Bought a scroll labeled MAHYATAM SUWUI for 26 gold pieces
  3519 | D:5      | Bought a scroll labeled VUCUOM ATOGUO for 26 gold pieces
  3519 | D:5      | Bought a scroll labeled VAQEEZ BOMUAN for 26 gold pieces
  3519 | D:5      | Bought a scroll labeled NOATZYSUNU for 26 gold pieces
  3578 | D:5      | Found a transporter.
  3651 | D:5      | Bought a +0 pair of gloves for 58 gold pieces
  3760 | D:5      | Killed a troll
  3760 | D:5      | Reached skill level 1 in Fighting
  3760 | D:5      | Reached skill level 1 in Air Magic
  3816 | D:5      | Reached skill level 8 in Spellcasting
  3860 | D:5      | Found a staircase to the Ecumenical Temple.
  3878 | D:5      | Found Tynta's Gadget Shoppe.
  3974 | Temple   | Entered the Ecumenical Temple
  4005 | Temple   | Became a worshipper of Sif Muna the Loreminder
  4328 | D:6      | Found an opulent altar of Gozag.
  4712 | D:6      | Reached XP level 8. HP: 43/43 MP: 14/22
  4919 | D:6      | Reached skill level 1 in Armour
  5033 | D:6      | Found a burning altar of Makhleb.
  5033 | D:6      | Noticed a blizzard demon
  5294 | D:4      | Killed WeeknightWizard's ghost
  5513 | D:4      | Reached * piety under Sif Muna
  5711 | D:4      | Killed Edmund
  5711 | D:4      | Reached skill level 9 in Spellcasting
  6016 | D:7      | Found a sparkling altar of Nemelex Xobeh.
  6244 | D:7      | Noticed a hippogriff
  6260 | D:7      | Killed a hippogriff
  6420 | D:7      | Got an encrusted dagger
  6421 | D:7      | Identified the cursed +1 dagger of Annihilation {elec, rElec} (You found it on level 7 of the Dungeon)
  6518 | D:8      | Noticed Pikel
  6785 | D:8      | Got a shimmering hand axe
  6786 | D:8      | Identified the +7 hand axe of Recklessness {distort, rC+ MR+ Int-5 Dex+3} (You found it on level 8 of the Dungeon)
  6811 | D:8      | Noticed a queen bee
  6832 | D:8      | Reached XP level 9. HP: 39/47 MP: 11/24
  6860 | D:8      | Reached skill level 10 in Spellcasting
  7001 | D:8      | Reached ** piety under Sif Muna
  7103 | D:8      | Noticed Joseph
  7112 | D:8      | Shot with a sling bullet by Joseph

Skill      XL: |  1  2  3  4  5  6  7  8  9 |
---------------+----------------------------+-----
Spellcasting   | 5 6 7 8 9 10 | 10.3
Conjurations   | 2 4 5 7 |  7.4
Short Blades   | 1 2 |  2.5
Dodging        | 3 |  3.9
Poison Magic   | 1 2 |  2.5
Fighting       | 1 |  1.4
Summonings     | 2 3 |  3.2
Air Magic      | 1 |  1.4
Armour         | 2 |  2.5
Stealth        | |  2.5
Translocations | |  1.1

Action                   |  1- 3 |  4- 6 |  7- 9 || total
-------------------------+-------+-------+-------++-------
Melee: Dagger            |     4 |       |     2 ||     6
       Rapier            |       |    25 |    71 ||    96
       Flail             |       |       |    46 ||    46
Throw: Tomahawk          |       |       |     1 ||     1
 Cast: Magic Dart        |    90 |   135 |   194 ||   419
       Call Imp          |     2 |     2 |     8 ||    12
       Mephitic Cloud    |     1 |     9 |    21 ||    31
Invok: Divine Energy     |       |       |     1 ||     1
  Use: Scroll            |     4 |       |    18 ||    22
 Stab: Confused          |       |     5 |    11 ||    16
  Eat: Chunk             |       |     6 |    13 ||    19
Armor: Robe              |     6 |    10 |       ||    16
       Troll leather arm |       |       |    26 ||    26
Dodge: Dodged            |    16 |    39 |    73 ||   128
